 Dungeon Crawl Stone Soup version 0.28.0-49-g6dfe1f597d (webtiles) character file.

Game seed: 3953675206043667174

18930 Zeld the Zephyrmancer (level 12, -1/80 HPs)
             Began as a Tengu Air Elementalist on May 17, 2022.
             Was a Priest of Sif Muna.
             Slain by a yak (12 damage)
             ... on level 1 of the Lair of Beasts.
             The game lasted 00:24:33 (21574 turns).

Zeld the Zephyrmancer (Tengu Air Elementalist)     Turns: 21574, Time: 00:24:34

Health: -1/80      AC:  5    Str:  8    XL:     12   Next: 63%
Magic:  21/28      EV: 14    Int: 19    God:    Sif Muna [***...]
Gold:   719        SH:  0    Dex: 20    Spells: 23/33 levels left

rFire   . . .      SeeInvis .   a - +7 falchion "Nomek" {vorpal, Dex+3}
rCold   . . .      Faith    .   (no shield)
rNeg    . . .      Spirit   .   E - +0 leather armour
rPois   .          Reflect  .   (helmet restricted)
rElec   .          Harm     .   z - +0 cloak
rCorr   .          Rampage  .   c - +0 pair of gloves
Will    .....                   (boots unavailable)
Stlth   ++++......              h - amulet of magic regeneration
HPRegen 0.23/turn               A - ring of wizardry
MPRegen 0.61/turn               (no ring)

@: flying quickly and evasively, quick
A: beak, talons 3, nimble flight
a: Renounce Religion, Channel Magic, Forget Spell


You were on level 1 of the Lair of Beasts.
You worshipped Sif Muna.
Sif Muna was most pleased with you.
You visited 3 branches of the dungeon, and saw 13 of its levels.
You visited the Abyss 1 time.
You also visited: Sewer and Gauntlet.

You collected 719 gold pieces.

Inventory:

Hand Weapons
 a - the +7 falchion "Nomek" (weapon) {vorpal, Dex+3}
   (You found it on level 1 of the Lair of Beasts)

   It inflicts extra damage upon your enemies.
   Dex:       It affects your dexterity (+3).
Armour
 c - a +0 pair of gloves (worn)
 s - the +2 chain mail "Xopuere" {rPois Regen+}
   (You found it on level 1 of the Lair of Beasts)

   rPois:     It protects you from poison.
   Regen:     It increases your rate of health regeneration.
 z - a +0 cloak (worn)
 E - a +0 leather armour (worn)
Jewellery
 h - an amulet of magic regeneration (around neck)
 A - a ring of wizardry (left hand)
 D - a ring of protection from cold
Wands
 b - a wand of digging (3)
 l - a wand of iceblast (16)
 t - a wand of paralysis (18)
 u - a wand of flame (14)
Scrolls
 e - 2 scrolls of brand weapon
 k - 4 scrolls of enchant armour
 p - 4 scrolls of amnesia
 q - 2 scrolls of enchant weapon
 r - 2 scrolls of teleportation
 v - 2 scrolls of silence
 y - 3 scrolls of magic mapping {unknown}
Potions
 d - 3 potions of mutation
 g - a potion of resistance {unknown}
 i - 2 potions of curing {unknown}
 j - 2 potions of lignification {unknown}
 m - 2 potions of magic {unknown}
 n - 4 potions of might {unknown}
 w - a potion of ambrosia {unknown}
 x - 2 potions of haste {unknown}
 B - a potion of cancellation {unknown}
 C - 2 potions of heal wounds {unknown}


   Skills:
 * Level 11.6 Fighting
 - Level 2.1 Dodging
 - Level 9.0 Stealth
 * Level 11.0 Spellcasting
 - Level 2.0 Conjurations
 - Level 13.0 Air Magic


You had 23 spell levels left.
You knew the following spells:

 Your Spells              Type           Power      Damage    Failure   Level
a - Shock                 Conj/Air       100%       1d9       1%          1
b - Static Discharge      Conj/Air       38%        N/A       1%          2
c - Swiftness             Air            56%        N/A       1%          3
d - Airstrike             Air            28%        N/A       1%          4

Your spell library contained the following spells:

 Spells                   Type           Power      Damage    Failure   Level
 Apportation              Tloc           20%        N/A       4%          1
 Pain                     Necr           40%        1d6       4%          1
 Sandblast                Erth           20%        2d7       4%          1
 Ensorcelled Hibernation  Hex/Ice        20%        N/A       6%          2
 Passwall                 Tmut/Erth      8%         N/A       6%          2
 Scorch                   Fire           20%        2d6       6%          2
 Conjure Flame            Conj/Fire      14%        6-21      8%          3
 Stone Arrow              Conj/Erth      28%        3d8       8%          3
 Ignite Poison            Fire/Tmut/Pois 10%        N/A       12%         3
 Teleport Other           Tloc           10%        N/A       12%         3
 Flame Wave               Conj/Fire      14%        2d6       26%         4
 Sticky Flame             Conj/Fire      14%        2d4       26%         4
 Agony                    Necr           10%        N/A       69%         5
 Excruciating Wounds      Necr           5%         N/A       69%         5
 Summon Cactus Giant      Summ           5%         N/A       99%         6
 Malign Gateway           Summ/Tloc      5%         N/A       100%        7
 Chain Lightning          Conj/Air       19%        3d25      100%        9
 Fire Storm               Conj/Fire      7%         8d2       100%        9
 Shatter                  Erth           5%         3d8*      100%        9


Dungeon Overview and Level Annotations

Branches:
Dungeon (10/15)            Temple (1/1) D:6            Lair (2/6) D:8
  Sewer (visited)         Gauntlet (visited)
  Swamp: Lair:2-4    Shoals: Lair:2-4     Snake: Lair:2-4    Spider: Lair:2-4
    Orc: D:9-12

Altars:
Ashenzari
Cheibriados
Dithmenos
Elyvilon
Fedhas
Gozag
Hepliaklqana
Kikubaaqudgha
Makhleb
Nemelex Xobeh
Okawaru
Qazlal
Ru
Sif Muna
Trog
Uskayaw
Vehumet
Wu Jian
Xom
Yredelemnul
Zin
The Shining One

Annotations:
D:7 2 transporters
D:10 3 runed translucent doors, reversiblehash's ghost, journeyman MiFi


Innate Abilities, Weirdness & Mutations

You have a beak for a mouth.
You have claws for feet.
Your magical nature lets you fly swiftly and evasively.


Message History

The air twists around and strikes the blink frog!
The blink frog is heavily wounded.
Unknown command.
Casting: Airstrike (safe; 1% risk of failure)
Confirm with . or Enter, or press ? or * to list all spells.
Aiming: Airstrike (safe; 1% risk of failure)
Press: ? - help, Dir - move target, f/p - blink frog
Aim: a blink frog (heavily wounded, empty space bonus: 8/8)
The air twists around and strikes the blink frog!!
You kill the blink frog!
Sif Muna accepts your kill.
Your Spellcasting skill increases to level 11!
The yak bellows! x4; You hear a trumpeting!
The elephant trumpets!
You hear a trumpeting!
The yak closely misses you.
There is a stone staircase leading up here.
Magic restored.
The yak barely misses you.
You fly upwards.
There is a stone staircase leading down here.
Unknown command.
There is an open door here.
You see here 19 gold pieces.
Casting: Airstrike (safe; 1% risk of failure)
Confirm with . or Enter, or press ? or * to list all spells.
Aiming: Airstrike (safe; 1% risk of failure)
Press: ? - help, Dir - move target, f - yak
Aim: a yak (empty space bonus: 2/8)
The air twists around and strikes the yak!
The yak is moderately wounded.
The yak gores you.
* * * LOW HITPOINT WARNING * * *
Casting: Airstrike (safe; 1% risk of failure)
Confirm with . or Enter, or press ? or * to list all spells.
Aiming: Airstrike (safe; 1% risk of failure)
Press: ? - help, Dir - move target, f/p - yak
Aim: a yak (moderately wounded, empty space bonus: 1/8)
The air twists around and strikes the yak.
The yak is moderately wounded.
The yak gores you!
You die...

.......##+#.####.#
.......##.#.####.##
#......##.....##..#
#......#....>..#.##
#......##......#.#
.......##......'.#
#......##.....##.##
#.......#.....#YYP#
.......####..##P@##
#......####'###..#
.................#
#.#############.##
### ###


You could see 2 yaks.

Vanquished Creatures
  Erica (Lair:1)
  5 two-headed ogres
  2 wizards (Gauntlet)
  Pikel (D:4)
  An oklob plant (D:7)
  2 cyclopes
  A rust devil (Abyss:2)
  A centaur zombie (D:10)
  A black mamba (Lair:1)
  A smoke demon (Abyss:2)
  2 cane toads (Lair:1)
  A hellion (Abyss:2)
  2 komodo dragons
  3 trolls
  Grinder (D:3)
  A blink frog (Lair:2)
  A shadow (D:10)
  22 yaks
  3 wyverns
  A wraith (D:9)
  Grum (D:9)
  A vampire mosquito (D:6)
  4 water moccasins
  A black bear (D:6)
  2 ice beasts (D:6)
  5 sky beasts
  8 orc warriors
  3 necrophages
  8 ogres
  5 centaurs
  3 wolves (D:9)
  3 lemures
  3 kobold brigands
  Blork the orc (D:6)
  5 bullfrogs
  A wyvern zombie (D:4)
  A small abomination (Abyss:2)
  A gnoll sergeant (D:7)
  5 scorpions
  A water moccasin zombie (D:5)
  6 wights
  2 howler monkeys (D:6)
  7 orc priests
  Crazy Yiuf (D:2)
  4 hounds
  A jelly (D:7)
  A bullfrog skeleton (D:7)
  7 iguanas
  7 orc wizards
  A killer bee zombie (D:6)
  A hound zombie (D:5)
  2 howler monkey zombies
  Robin (D:3)
  5 gnolls (D:7)
  11 adders
  6 river rats
  A shadow imp (Gauntlet)
  3 white imps
  8 worms
  42 orcs
  9 bats
  7 endoplasms
  6 giant cockroaches
  13 goblins
  12 hobgoblins
  5 jackals
  8 quokkas
  9 ball pythons
  4 frilled lizards
  19 kobolds
  6 rats
330 creatures vanquished.

Vanquished Creatures (others)
  7 fungi
  5 plants
12 creatures vanquished.

Grand Total: 342 creatures vanquished

Notes
Turn   | Place    | Note
-------+----------+-------------------------------------------
     0 | D:1      | Zeld the Tengu Air Elementalist began the quest for the
                  | Orb.
     0 | D:1      | Reached XP level 1. HP: 10/10 MP: 4/4
   295 | D:1      | Reached XP level 2. HP: 16/16 MP: 4/6
   400 | D:1      | Learned a level 2 spell: Static Discharge
  1130 | D:2      | Reached skill level 1 in Fighting
  1130 | D:2      | Reached XP level 3. HP: 20/20 MP: 4/7
  1134 | D:2      | Learned a level 3 spell: Swiftness
  1314 | D:2      | Found a shimmering altar of Xom.
  1702 | D:2      | You fall into a shaft and drop 2 floors!
  1871 | D:4      | Noticed a lemure
  1878 | D:3      | Found a shimmering altar of Xom.
  1887 | D:3      | Reached XP level 4. HP: 25/25 MP: 6/8
  1891 | D:3      | Noticed Robin
  2447 | D:3      | Reached skill level 5 in Air Magic
  2447 | D:3      | Gained mutation: Your magical nature lets you fly swiftly
                  | and evasively. [Tengu growth]
  2447 | D:3      | Reached XP level 5. HP: 14/30 MP: 4/10
  2456 | D:3      | Found a glowing drain.
  2465 | D:3      | Learned a level 4 spell: Airstrike
  2466 | Sewer    | Entered a sewer
  3720 | D:2      | Found a runed translucent door.
  3721 | D:2      | Noticed Crazy Yiuf
  3770 | D:3      | Killed Robin
  3870 | D:3      | Noticed Grinder
  3878 | D:3      | Paralysed by Grinder for 3 turns
  3885 | D:3      | Killed Grinder
  3886 | D:3      | Reached skill level 6 in Air Magic
  3886 | D:3      | Reached XP level 6. HP: 25/37 MP: 2/12
  4210 | D:3      | Reached XP level 7. HP: 25/41 MP: 5/13
  4439 | D:4      | Noticed Pikel
  5375 | D:4      | Killed Pikel
  5376 | D:4      | Reached skill level 7 in Air Magic
  5376 | D:4      | Reached XP level 8. HP: 39/48 MP: 0/16
  5887 | D:5      | Entered Level 5 of the Dungeon
  5935 | D:5      | Reached skill level 5 in Spellcasting
  6103 | D:5      | Reached skill level 5 in Fighting
  6103 | D:5      | Reached skill level 8 in Air Magic
  6347 | D:5      | Reached skill level 5 in Stealth
  6370 | D:5      | Reached XP level 9. HP: 54/54 MP: 10/18
  6524 | D:5      | Reached skill level 9 in Air Magic
  6812 | D:6      | Found a sacrificial altar of Ru.
  7362 | D:6      | Noticed Blork the orc
  7365 | D:6      | Killed Blork the orc
  7395 | D:6      | Reached skill level 10 in Air Magic
  7959 | D:6      | Reached XP level 10. HP: 38/63 MP: 1/21
  8262 | D:6      | Found a staircase to the Ecumenical Temple.
  8526 | Temple   | Entered the Ecumenical Temple
  8679 | Temple   | Became a worshipper of Sif Muna the Loreminder
  9060 | D:7      | Noticed a cyclops
  9065 | D:7      | Killed a cyclops
  9164 | D:7      | Reached skill level 11 in Air Magic
  9204 | D:7      | Found a hazy altar of Hepliaklqana.
  9300 | D:7      | Found a blossoming altar of Fedhas.
  9326 | D:7      | Noticed an oklob plant
  9376 | D:7      | Killed an oklob plant
  9434 | D:7      | Found a bloodstained altar of Trog.
  9487 | D:7      | Found a transporter.
  9489 | D:7      | Noticed a kobold demonologist
  9498 | D:7      | Noticed a kobold demonologist
  9688 | D:7      | Reached * piety under Sif Muna
  9842 | D:7      | Found a transporter.
 10421 | D:8      | Found a staircase to the Lair.
 10613 | D:2      | Killed Crazy Yiuf
 11034 | D:8      | Found a glowing silver altar of Zin.
 12078 | D:8      | Reached skill level 12 in Air Magic
 12128 | D:8      | Reached XP level 11. HP: 51/69 MP: 13/24
 12871 | D:9      | Reached ** piety under Sif Muna
 13127 | D:9      | Noticed a two-headed ogre
 13131 | D:9      | Killed a two-headed ogre
 13176 | D:9      | Noticed Grum
 13633 | Lair:1   | Entered Level 1 of the Lair of Beasts
 14269 | D:9      | Killed Grum
 14816 | D:10     | Entered Level 10 of the Dungeon
 15057 | D:10     | Reached skill level 13 in Air Magic
 15414 | D:10     | Noticed a two-headed ogre
 15694 | D:10     | Noticed a two-headed ogre
 15705 | D:10     | Killed a two-headed ogre
 16379 | D:10     | Reached *** piety under Sif Muna
 16380 | D:10     | Reached skill level 10 in Fighting
 16846 | D:10     | Killed a two-headed ogre
 17006 | D:10     | Noticed a two-headed ogre
 17007 | D:10     | Noticed a cyclops
 17057 | D:10     | Killed a cyclops
 17058 | D:10     | Reached XP level 12. HP: 78/78 MP: 8/26
 17382 | D:10     | Killed a two-headed ogre
 17383 | D:10     | Reached skill level 10 in Spellcasting
 17581 | D:10     | Found a runed translucent gate.
 17581 | D:10     | Found a runed translucent gate.
 17581 | D:10     | Found an opulent altar of Gozag.
 17581 | D:10     | Found a runed translucent gate.
 17582 | D:10     | Noticed a centaur warrior
 17583 | D:10     | Noticed reversiblehash's ghost (journeyman MiFi)
 17657 | D:10     | Noticed a two-headed ogre
 17669 | D:10     | Killed a two-headed ogre
 18334 | Lair:1   | Identified the +7 falchion "Nomek" {vorpal, Dex+3}
 18784 | Lair:1   | Noticed Erica
 19232 | Lair:1   | Identified the +2 chain mail "Xopuere" {rPois Regen+}
 19503 | Lair:1   | Killed Erica
 20117 | Lair:2   | Noticed a six-headed hydra
 20258 | Lair:2   | Found a gate leading to a gauntlet.
 20286 | Gauntlet | Entered a Gauntlet
 20286 | Gauntlet | Found a transporter.
 20312 | Gauntlet | Noticed a blizzard demon
 20413 | Gauntlet | Noticed an entropy weaver
 20416 | Gauntlet | Found a transporter.
 20433 | Gauntlet | Found a transporter.
 20437 | Gauntlet | Found a transporter.
 20447 | Gauntlet | Found a transporter.
 20471 | Gauntlet | Found a transporter.
 20478 | Gauntlet | Noticed a cacodemon
 20485 | Gauntlet | Found a transporter.
 20512 | Gauntlet | Found a transporter.
 20512 | Gauntlet | Found a transporter.
 20514 | Gauntlet | Found a runed translucent door.
 20518 | Gauntlet | Found a transporter.
 20527 | Gauntlet | Found a runed translucent door.
 20551 | Gauntlet | Found a transporter.
 20551 | Gauntlet | Found a transporter.
 20853 | Gauntlet | Cast into level 2 of the Abyss (a wizard)
 20853 | Abyss:2  | Found a runed translucent door.
 21032 | Abyss:2  | Noticed a wretched star
 21045 | Gauntlet | Escaped the Abyss
 21499 | Gauntlet | Noticed a minotaur
 21514 | Gauntlet | HP: 4/80 [minotaur/javelin (20)]
 21539 | Gauntlet | Got the Collected Works on Vitriolic Dislocation
 21574 | Lair:1   | Slain by a yak

Illustrated notes

Levels and vault maps discovered:
D:1:      minmay_arrival_hallway, layout_loops_ring
D:2:      layout_rooms, basic_altar, uniq_crazy_yiuf_cottage
D:3:      layout_rooms, brannock_xom_greatest_gift, lightli_sewer_entry_pipes,
          uniq_grinder, uniq_robin
D:4:      layout_basic, uniq_pikel
D:5:      layout_cave_pools, corexii_hall_statues_x, corexii_shack
D:6:      minmay_opposing_rooms, layout_basic, lemuel_coloured_pillars_altar,
          minmay_temple_entry_nine_rooms, roderic_lattice_a, uniq_blork_the_orc
D:7:      gammafunk_wand_slinger, layout_loops_ring, kennysheep_mini,
          mainiacjoe_overflow_small_starburst, tgw_fedhas
D:8:      layout_cave_pods, zin_statuary, lair_entry_dummy, patterned_corridor
D:9:      layout_roguey, chequers_serial_rivers_marsh, nicolae_benzene_ring,
          uniq_grum
D:10:     minmay_the_grid_triangle_9x9_rhombus_thin
          [minmay_the_grid_triangle_9x9_flanged_cone,
          minmay_the_grid_triangle_9x9_prize_schism,
          minmay_the_grid_triangle_9x9_thin_v,
          minmay_the_grid_triangle_9x9_impossible_snake], layout_loops_corners,
          ebering_ghost_gozag, special_room [special_room_orc]
Temple:   regret_index_temple_sphere_string
Lair:1:   layout_regular_city, uniq_erica
Lair:2:   layout_gridlike, spider_nest_entry_web_field, gauntlet_entry_generic,
          st_stairs_12, lemuel_fruit_tree

Skill      XL: |  1  2  3  4  5  6  7  8  9 10 11 12 |
---------------+-------------------------------------+-----
Fighting       | 1 3 4 5 7 8 10 11 | 11.6
Conjurations   | 2 |  2.0
Spellcasting   | 3 4 5 7 8 9 11 | 11.0
Air Magic      | 5 6 7 8 10 12 13 | 13.0
Stealth        | 3 4 5 6 7 8 9 |  9.0
Dodging        | |  2.1

Action                   |  1- 3 |  4- 6 |  7- 9 | 10-12 || total
-------------------------+-------+-------+-------+-------++-------
Melee: Unarmed           |       |    20 |       |       ||    20
       Kick              |       |     4 |     4 |    32 ||    40
       Peck              |       |     1 |     6 |    20 ||    27
       Short sword       |       |       |    24 |    57 ||    81
       Punch             |       |       |       |     3 ||     3
       Falchion          |       |       |       |    18 ||    18
 Cast: Shock             |    64 |   112 |    27 |    14 ||   217
       Static Discharge  |       |    21 |     9 |       ||    30
       Airstrike         |       |     4 |   122 |   385 ||   511
       Swiftness         |       |       |     1 |     5 ||     6
  Use: Scroll            |       |       |       |    13 ||    13
 Stab: Sleeping          |       |       |     1 |       ||     1
Armor: Robe              |     1 |     7 |     3 |     8 ||    19
       Leather armour    |       |       |       |     6 ||     6
Dodge: Dodged            |     3 |    65 |    35 |   115 ||   218
